 Dungeon Crawl Stone Soup version 0.22.0 (webtiles) character file.

109 Blackhawk the Skirmisher (level 5, 0/42 HPs)
             Began as a Formicid Abyssal Knight on Oct 26, 2018.
             Was a Follower of Lugonu.
             Slain by a worker ant (5 damage)
             ... on level 3 of the Dungeon.
             The game lasted 00:05:10 (2970 turns).

Blackhawk the Skirmisher (Formicid Abyssal Knight)  Turns: 2970, Time: 00:05:11

Health: 0/42       AC:  9    Str: 17    XL:     5   Next: 13%
Magic:  7/7        EV:  7    Int: 12    God:    Lugonu [*.....]
Gold:   104        SH:  0    Dex: 10    Spells: 4/4 levels left

rFire    . . .     SeeInvis +   a - +1 mace
rCold    . . .     Gourm    .   (no shield)
rNeg     . . .     Faith    .   g - +0 chain mail
rPois    .         Spirit   .   (helmet unavailable)
rElec    .         Reflect  .   (no cloak)
rCorr    .         Harm     .   (no gloves)
MR       .....                  (no boots)
Stlth    ..........             (no amulet)
HPRegen  0.14/turn              (no ring)
MPRegen  0.10/turn              (no ring)

@: lethally poisoned (0 -> -5)
A: permanent stasis, dig shafts and tunnels, four strong arms, antennae 3
a: Dig, Shaft Self, Depart the Abyss, Renounce Religion


You were on level 3 of the Dungeon.
You worshipped Lugonu.
Lugonu was aware of your devotion.
You were not hungry.

You visited 1 branch of the dungeon, and saw 4 of its levels.
You visited the Abyss 1 time.

You collected 104 gold pieces.

Inventory:

Hand Weapons
 a - a +1 mace (weapon)
 p - a +0 hunting sling
Missiles
 j - 157 stones (quivered)
Armour
 g - a +0 chain mail (worn)
Jewellery
 k - an uncursed ring of flight {unknown}
 s - a cursed ring of attention {unknown}
Wands
 u - a wand of paralysis (8)
Scrolls
 b - a scroll of enchant armour {unknown}
 e - a scroll of teleportation {unknown}
 h - 3 scrolls of identify {unknown}
 i - a scroll of fog {unknown}
 l - a scroll of remove curse {unknown}
 o - 2 scrolls of magic mapping {unknown}
 q - a scroll of immolation {unknown}
Potions
 d - 3 potions of agility {unknown}
 f - a potion of mutation {unknown}
 m - a potion of degeneration {unknown}
 n - a potion of curing {unknown}
 t - a potion of lignification {unknown}
Comestibles
 c - 4 rations
 r - a chunk of flesh


   Skills:
 + Level 4.0 Fighting
 + Level 2.8 Maces & Flails
 + Level 3.0 Armour
 + Level 1.9 Dodging
 + Level 3.1 Invocations


You had 4 spell levels left.
You didn't know any spells.
Your spell library was empty.

Dungeon Overview and Level Annotations

Branches:
Dungeon (4/15)
 Temple: D:4-7

Altars:
Ashenzari
Elyvilon
Fedhas
Makhleb
Xom
Yredelemnul
Zin
The Shining One


Innate Abilities, Weirdness & Mutations

You cannot be hasted, slowed, berserked, paralysed or teleported.
You can dig through walls and to a lower floor.
Your four strong arms can wield two-handed weapons with a shield.
You have a pair of large antennae on your head. (SInv)


Message History

The worker ant is almost dead.
The hound bites you but does no damage. The worker ant bites you.
* * * LOW HITPOINT WARNING * * *
The jackal completely misses you. The hound bites you.
* * * LOW HITPOINT WARNING * * *
The worker ant barely misses you.
You closely miss the worker ant.
The worker ant is almost dead.
The jackal closely misses you. The hound closely misses you.
The jackal bites you but does no damage.
The worker ant bites you.
* * * LOW HITPOINT WARNING * * *
You are lethally poisoned!
The worker ant poisons you! The hound bites you but does no damage.
You hit the worker ant but do no damage.
The worker ant is almost dead.
* * * LOW HITPOINT WARNING * * *
You feel sick. The jackal barely misses you.
The hound bites you but does no damage. The worker ant bites you.
You die...

................#.# ##...##...#
#...##..##..##..#.# #..#####.##
#..####....####.#.# #...(.##.#
##.## ##..## ##.#.# ###.....##.#
#..## #..# ##....###.......##.##
#...###..###.........##....##..#
#.#..........#.....####.<..###.#
##.#..........#a.............(#..
.....###..###...@...####....#..#.
##..## #..# ##..hh..# #....##.).
#.## ##..## ##..#### #....##...
#.####....####..# #....##...
#..##..##..##..## #######...
#..............# #...
################ #... ####


You could see a hound, a worker ant and a jackal.

Vanquished Creatures
  Terence (D:3)
  2 adders
  3 oozes
  2 worms (D:2)
  A dart slug (D:2)
  2 leopard geckos
  3 giant cockroaches
  4 goblins
  6 hobgoblins
  3 jackals
  4 kobolds
  5 bats (D:1)
  4 frilled lizards
  7 rats
47 creatures vanquished.

Notes
Turn   | Place    | Note
-------+----------+-------------------------------------------
     0 | Abyss:1  | Blackhawk the Formicid Abyssal Knight began the quest for the Orb.
     0 | Abyss:1  | Reached XP level 1. HP: 18/18 MP: 2/2
   166 | Abyss:1  | Noticed a thrashing horror
   167 | D:1      | Escaped the Abyss
   226 | D:1      | Reached skill level 1 in Dodging
   241 | D:1      | Reached * piety under Lugonu
   241 | D:1      | Reached XP level 2. HP: 13/24 MP: 3/3
   716 | D:1      | Reached XP level 3. HP: 29/29 MP: 4/4
  1059 | D:2      | Found a glowing golden altar of the Shining One.
  1138 | D:2      | Found a basalt altar of Yredelemnul.
  1245 | D:2      | Found a blossoming altar of Fedhas.
  1287 | D:2      | Found a shattered altar of Ashenzari.
  1697 | D:2      | Reached XP level 4. HP: 27/37 MP: 6/6
  1768 | D:2      | Found a white marble altar of Elyvilon.
  2000 | D:3      | Noticed Terence
  2218 | D:3      | Killed Terence
  2429 | D:3      | Noticed an angel
  2431 | D:3      | Found a glowing silver altar of Zin.
  2487 | D:3      | Found a shimmering altar of Xom.
  2633 | D:3      | Reached skill level 4 in Fighting
  2633 | D:3      | Reached XP level 5. HP: 29/42 MP: 7/7
  2804 | D:3      | Found a burning altar of Makhleb.
  2804 | D:3      | Noticed a green death
  2807 | D:3      | Noticed a neqoxec
  2807 | D:3      | Noticed a neqoxec
  2970 | D:3      | Slain by a worker ant

Skill      XL: |  1  2  3  4 |
---------------+-------------+-----
Dodging        | 1 |  1.9
Armour         | 3 |  3.0
Invocations    | 3 |  3.1
Fighting       | 4 |  4.0
Maces & Flails | |  2.8

Action                   |  1- 3 |  4- 6 || total
-------------------------+-------+-------++-------
Melee: Mace              |    81 |   107 ||   188
Invok: Depart the Abyss  |     1 |       ||     1
 Abil: Dig               |       |     1 ||     1
  Eat: Chunk             |     2 |     1 ||     3
       Ration            |       |     1 ||     1
Armor: Leather armour    |    24 |    20 ||    44
       Chain mail        |       |    65 ||    65
Dodge: Dodged            |    51 |    89 ||   140
